 Dungeon Crawl Stone Soup version 0.31-a0-152-g6aa68a64a1 (webtiles) character file.

Game seed: 9738508057132766341

94 qw the Shooter (level 4, 0/40 HPs)
             Began as a Naga Hunter on June 10, 2023.
             Slain by an adder (4 damage)
             ... in a sewer.
             The game lasted 00:00:39 (1743 turns).

qw the Shooter (Naga Hunter)                        Turns: 1743, Time: 00:00:40

Health: 0/40       AC:  3    Str: 13    XL:     4   Next: 63%
Magic:  4/4        EV:  9    Int:  9    God:
Gold:   108        SH:  0    Dex: 17    Spells: 3/3 levels left

rFire   . . .        Y - +0 shortbow
rCold   . . .        (shield currently unavailable)
rNeg    . . .        c - +0 leather armour
rPois   +            b - +0 helmet
rElec   .            (no cloak)
rCorr   .            (no gloves)
SInv    +            (no barding)
Will    .....        (no amulet)
Stlth   ++           (no ring)
HPRegen 0.26/turn    (no ring)
MPRegen 0.09/turn

%: no passive effects
@: lethally poisoned (0 -> -1), short of breath, very slow
A: AC +1, large, see invisible, deformed body, poison resistance, slowness 2,
spit poison 1, naga tail 1
a: Spit Poison


You were in a sewer.
You visited 1 branch of the dungeon, and saw 3 of its levels.
You also visited: Sewer.

You collected 108 gold pieces.


Innate Abilities, Weirdness & Mutations

Your serpentine skin is tough. (AC +1)
You have supernaturally acute eyesight. (SInv)
Armour fits poorly on your strangely shaped body.
Your system is resistant to poisons. (rPois)
You cover ground very slowly.
You can spit poison.
You have a snake-like lower body.


   Skills:
 + Level 2.8 Fighting
 - Level 5.0 Ranged Weapons
 - Level 1.5 Dodging
 - Level 1.5 Stealth


You had 3 spell levels left.
You didn't know any spells.
Your spell library was empty.

Inventory:

Hand Weapons
 Y - a +0 shortbow (weapon)
Armour
 b - a +0 helmet (worn)
 c - a +0 leather armour (worn)
Scrolls
 d - a scroll of identify
 e - a scroll of torment {unknown}
 g - a scroll of enchant weapon {unknown}
 h - a scroll of poison {unknown}
Potions
 a - a potion of cancellation {unknown}
 f - a potion of curing {unknown}

Dungeon Overview and Level Annotations

Branches:
Dungeon (3/15)              Sewer (1/1)

Altars:

Shops:
D:1 [


Message History

The adder bites you but does no damage. The adder bites you.
You shoot an arrow. The arrow misses the adder.
The adder barely misses you. The adder bites you.
You are poisoned.
The adder poisons you! The adder bites you. The adder barely misses you.
You shoot an arrow. The arrow barely misses the adder.
You feel sick. The adder bites you but does no damage. The adder bites you.
The adder bites you but does no damage. x3
You shoot an arrow. The arrow hits the adder.
The adder is severely wounded.
You feel sick. The adder bites you. x2
You are more poisoned.
The adder poisons you! The adder closely misses you. The adder bites you.
You shoot an arrow. The arrow hits the adder!
You kill the adder!
You have got your breath back.
You feel very sick. The adder bites you.
The adder bites you but does no damage. x2
The adder closely misses you. The adder bites you.
1739 ||| INVOKING Spit Poison.
Aiming: Spit Poison (1% risk of failure)
Press: ? - help, Shift-Dir - straight line, f - adder The splash of poison hits the adder.
The adder is poisoned.
The adder is moderately wounded.
You feel sick. The adder barely misses you. The adder bites you. x2
The adder closely misses you.
You shoot an arrow. The arrow misses the adder.
You feel sick. The adder barely misses you.
The adder bites you but does no damage. x3
You shoot an arrow. The arrow misses the adder.
You feel sick. The adder closely misses you. The adder bites you.
The adder completely misses you. The adder bites you.
The adder bites you but does no damage.
You shoot an arrow. The arrow hits the adder!
You kill the adder!
You feel sick. The adder bites you but does no damage.
The adder barely misses you. The adder completely misses you.
You shoot an arrow. The arrow closely misses the adder.
You feel sick. The adder closely misses you. The adder bites you.
You die...

~~~~~~~~~~~~~.~.~%~~~~~~~~..~~.~
~~~~~~~.~~~~~~~~~~~~~~~~~~~~~~~~
~~~~~~~~~%~.~~~~~~~~~~~.~~~~~.~.
#######~~~######################
#~~~# #~~~# #~~~#####++#####+
#.~~~.~..........
#~~~~~..S@%......
#~~~#####S'#####+ #.~~# ....#
#~~~# ###### #~~~# #~~~~ #.~.~


You could see 2 adders.

Vanquished Creatures
  2 adders (Sewer)
  A river rat (Sewer)
  A worm (D:3)
  A dart slug (D:2)
  7 endoplasms
  8 giant cockroaches
  3 goblins
  3 hobgoblins (D:1)
  3 jackals (Sewer)
  2 kobolds (D:3)
  3 quokkas
  9 ball pythons
  5 bats
  5 frilled lizards
  7 rats
60 creatures vanquished.

Notes
Turn   | Place    | Note
-------+----------+-------------------------------------------
     0 | D:1      | qw the Naga Hunter began the quest for the Orb.
     0 | D:1      | Reached XP level 1. HP: 19/19 MP: 1/1
     0 | D:1      | 0 ||| qw: Version: 0.2-a-29-g67ad517
     0 | D:1      | 0 ||| qw: Game counter: 3944
     0 | D:1      | 0 ||| qw: Always use a shield: true
     0 | D:1      | 0 ||| qw: God list: Okawaru
     0 | D:1      | 0 ||| qw: Allow faded altars: false
     0 | D:1      | 0 ||| qw: Do Orc after D:15 true
     0 | D:1      | 0 ||| qw: Do second Lair branch before Depths: true
     0 | D:1      | 0 ||| qw: Lair rune preference: random
     0 | D:1      | 0 ||| qw: Plans: Normal
     0 | D:1      | 0 ||| PLANNING D:1-11
    13 | D:1      | 13 ||| INVOKING Spit Poison.
    19 | D:1      | 19 ||| INVOKING Spit Poison.
    23 | D:1      | 23 ||| INVOKING Spit Poison.
    24 | D:1      | 24 ||| INVOKING Spit Poison.
    49 | D:1      | 49 ||| INVOKING Spit Poison.
    53 | D:1      | Reached skill level 4 in Ranged Weapons
    53 | D:1      | Reached XP level 2. HP: 26/26 MP: 2/2
    54 | D:1      | 54 ||| INVOKING Spit Poison.
   190 | D:1      | 190 ||| INVOKING Spit Poison.
   191 | D:1      | 191 ||| INVOKING Spit Poison.
   197 | D:1      | 197 ||| INVOKING Spit Poison.
   200 | D:1      | 200 ||| INVOKING Spit Poison.
   282 | D:1      | 282 ||| INVOKING Spit Poison.
   361 | D:1      | Found Tagaod's Antique Armour Emporium.
   368 | D:1      | 368 ||| SHOPLISTING cloak (99 gold, have 49).
   368 | D:1      | 368 ||| SHOPLISTING pair of gloves (99 gold, have 49).
   382 | D:1      | 382 ||| INVOKING Spit Poison.
   464 | D:1      | 464 ||| READING scroll labelled JIGUCO JEOMPA.
   465 | D:1      | 465 ||| READING scroll labelled SIENUZXAGU.
   466 | D:1      | 466 ||| DROPPING scroll of butterflies.
   540 | D:2      | 540 ||| FLEEEEING.
   541 | D:2      | 541 ||| FLEEEEING.
   542 | D:2      | 542 ||| FLEEEEING.
   543 | D:2      | 543 ||| FLEEEEING.
   548 | D:2      | 548 ||| INVOKING Spit Poison.
   579 | D:2      | 579 ||| INVOKING Spit Poison.
   587 | D:2      | 587 ||| INVOKING Spit Poison.
   600 | D:2      | Reached XP level 3. HP: 32/32 MP: 3/3
   704 | D:2      | 704 ||| INVOKING Spit Poison.
   940 | D:2      | Found a faded altar of an unknown god.
  1210 | D:3      | 1210 ||| PLANNING SEWER
  1223 | D:3      | 1223 ||| INVOKING Spit Poison.
  1245 | D:3      | 1245 ||| INVOKING Spit Poison.
  1264 | D:3      | 1264 ||| INVOKING Spit Poison.
  1350 | D:3      | 1350 ||| INVOKING Spit Poison.
  1404 | D:3      | 1404 ||| INVOKING Spit Poison.
  1408 | D:3      | Found a glowing drain.
  1409 | D:3      | 1409 ||| INVOKING Spit Poison.
  1410 | D:3      | 1410 ||| UPGRADING to +0 helmet.
  1415 | D:3      | 1415 ||| READING scroll labelled GOVUTA BEUSM.
  1419 | D:3      | 1419 ||| INVOKING Spit Poison.
  1424 | D:3      | 1424 ||| INVOKING Spit Poison.
  1441 | D:3      | 1441 ||| INVOKING Spit Poison.
  1446 | D:3      | 1446 ||| INVOKING Spit Poison.
  1451 | Sewer    | Entered a sewer
  1452 | Sewer    | 1452 ||| INVOKING Spit Poison.
  1455 | Sewer    | 1455 ||| INVOKING Spit Poison.
  1461 | Sewer    | 1461 ||| INVOKING Spit Poison.
  1462 | Sewer    | HP: 8/32 [ball python (3)]
  1465 | Sewer    | Reached skill level 5 in Ranged Weapons
  1465 | Sewer    | Reached XP level 4. HP: 6/39 MP: 4/4
  1465 | Sewer    | 1465 ||| INVOKING Spit Poison.
  1610 | Sewer    | 1610 ||| INVOKING Spit Poison.
  1614 | Sewer    | 1614 ||| INVOKING Spit Poison.
  1631 | Sewer    | 1631 ||| INVOKING Spit Poison.
  1669 | Sewer    | 1669 ||| INVOKING Spit Poison.
  1715 | Sewer    | 1715 ||| INVOKING Spit Poison.
  1734 | Sewer    | 1734 ||| INVOKING Spit Poison.
  1739 | Sewer    | 1739 ||| INVOKING Spit Poison.
  1740 | Sewer    | HP: 10/40 [poisoned by an adder]
  1742 | Sewer    | HP: 4/40 [poisoned by an adder]
  1743 | Sewer    | Slain by an adder

Levels and vault maps discovered:
D:1:      dpeg_arrival_simpleton_c, layout_rooms, serial_shops, shop
D:2:      layout_basic, shapermc_ecumenical_altar_mp_vishouse
D:3:      layout_loops_cross, cheibrodos_sewer_entry_drain
Sewer:    sewer_fruit_machine

Skill      XL: |  1  2  3 |
---------------+----------+-----
Ranged Weapons | 4 5 |  5.0
Fighting       | |  2.8
Dodging        | |  1.5
Stealth        | |  1.5

Action                     |  1- 3 |  4- 6 || total
---------------------------+-------+-------++-------
   Fire: Shortbow          |    75 |    28 ||   103
Ability: Spit Poison       |    27 |     8 ||    35
    Use: Scroll            |     3 |       ||     3
 Armour: Leather armour    |     4 |    15 ||    19
  Dodge: Dodged            |    18 |    17 ||    35

Table legend:
 A = Non-vault XP
 B = Vault XP
 C = Vault XP percentage of total XP
 D = Non-vault monster count
 E = Vault monster count
 F = Vault count percentage of total count
                 A         B        C        D         E       F
            +---------+---------+-------+---------+---------+-------
      Total |      56 |      79 |  58.5 |      36 |      24 |  40.0
            +---------+---------+-------+---------+---------+-------
        D:1 |      27 |       0 |   0.0 |      17 |       0 |   0.0
        D:2 |      11 |       0 |   0.0 |       7 |       0 |   0.0
        D:3 |      18 |      11 |  37.9 |      12 |       4 |  25.0
      Sewer |       0 |      68 | 100.0 |       0 |      20 | 100.0
            +---------+---------+-------+---------+---------+-------
